 Dungeon Crawl Stone Soup version 0.27-a0-860-gaf99fae3ca (webtiles) character file.

Game seed: 6309041124404459923

4 rageheart7 the Vexing (level 1, -1/20 HPs)
             Began as an Ogre Arcane Marksman on Apr 1, 2021.
             Slain by a kobold
             ... wielding a +0 short sword
              (2 damage)
             ... on level 1 of the Dungeon.
             The game lasted 00:00:34 (50 turns).

rageheart7 the Vexing (Ogre Arcane Marksman)          Turns: 50, Time: 00:00:34

Health: -1/20      AC:  3    Str: 13    XL:     1   Next: 70%
Magic:  2/2        EV:  9    Int: 14    God:
Gold:   0          SH:  0    Dex:  9    Spells: 1/2 levels left

rFire    . . .     SeeInvis .   (no weapon)
rCold    . . .     Faith    .   (no shield)
rNeg     . . .     Spirit   .   a - +0 robe
rPois    .         Reflect  .   (helmet restricted)
rElec    .         Harm     .   (no cloak)
rCorr    .         Rampage  .   (gloves unavailable)
Will     .....                  (boots unavailable)
Stlth    +.........             (no amulet)
HPRegen  0.06/turn              (no ring)
MPRegen  0.08/turn              (no ring)

@: no status effects
A: large, unfitting armour, tough skin 1
a: no special abilities


You were on level 1 of the Dungeon.
You visited 1 branch of the dungeon, and saw 1 of its levels.

Inventory:

Missiles
 d - 2 throwing nets (quivered)
Armour
 a - a +0 robe (worn)


   Skills:
 * Level 1.9 Fighting
 * Level 2.1 Throwing
 - Level 1.7 Dodging
 * Level 1.3 Spellcasting
 - Level 2.6 Hexes


You had one spell level left.
You knew the following spells:

 Your Spells              Type           Power      Damage    Failure   Level
a - Corona                Hex            8%         N/A       9%          1

Your spell library contained the following spells:

 Spells                   Type           Power      Damage    Failure   Level
 Slow                     Hex            8%         N/A       13%         2
 Inner Flame              Hex/Fire       4%         N/A       41%         3
 Portal Projectile        Hex/Tloc       8%         N/A       41%         3
 Cause Fear               Hex            4%         N/A       63%         4
 Leda's Liquefaction      Hex/Erth       2%         N/A       82%         4


Dungeon Overview and Level Annotations

Branches:
Dungeon (1/15)

Altars:


Innate Abilities, Weirdness & Mutations

You are too large for most types of armour.
You have tough skin. (AC +1)


Message History

You are too injured to fight recklessly!
You are too injured to fight recklessly!
You are too injured to fight recklessly!
You are too injured to fight recklessly!
You are too injured to fight recklessly!
The bat hits you. x2; The bat hits you but does no damage.
The bat closely misses you.
You see here a large rock.
c - a large rock The bat hits you.
The giant cockroach bites you but does no damage.
There are monsters nearby!
Throw: large rock
Press: ? - help, Q - select action, (/) - cycle Shift-Dir - straight line, f - giant cockroach
Aim: a giant cockroach (heavily wounded, 54% to hit)
You throw a large rock.
The large rock hits the giant cockroach.
You kill the giant cockroach!
The bat barely misses you. The bat closely misses you.
The bat barely misses you.
The kobold hits you with a +0 short sword.
* * * LOW HITPOINT WARNING * * *
The bat hits you but does no damage. The bat hits you but does no damage. x2
The bat hits you but does no damage.
You aren't carrying any potions.
The bat barely misses you.
You closely miss the bat. The bat hits you but does no damage.
The bat hits you but does no damage.
You miss the bat. The bat hits you but does no damage.
The bat hits you but does no damage. The bat hits you but does no damage.
You barely miss the kobold. The bat barely misses you.
The kobold hits you with a +0 short sword.
* * * LOW HITPOINT WARNING * * *
You completely miss the kobold. The bat hits you.
* * * LOW HITPOINT WARNING * * *
The bat hits you but does no damage.
The kobold hits you with a +0 short sword.
You die...

.. #. #. ##. #.#..## ..
###..#..##(. ....(......
##############.........
.............#.......#
...........#b#...(...#
##########..###@#.(.....#
##≈≈≈≈≈≈≈≈.8.#
#K##.####...
#≈≈.....≈≈≈.## #....# ..
#≈..≈≈≈..≈≈.# #.#### .
#..≈≈≈≈≈..≈.# #.......#
#.≈≈...≈≈.≈.+ #######.#
+.≈..≈<≈..≈.+
+.≈.≈≈...≈≈.#
#.≈..≈≈≈≈≈..#


You could see a bat and a kobold.

Vanquished Creatures
  A giant cockroach (D:1)
  2 hobgoblins (D:1)
  A kobold (D:1)
4 creatures vanquished.

Notes
Turn   | Place    | Note
-------+----------+-------------------------------------------
     0 | D:1      | rageheart7 the Ogre Arcane Marksman began the quest for the
                  | Orb.
     0 | D:1      | Reached XP level 1. HP: 19/19 MP: 2/2
    50 | D:1      | HP: 1/20 [bat (1)]
    50 | D:1      | Slain by a kobold

Illustrated notes

Levels and vault maps discovered:
D:1:      psy_arrival_whirlpool, layout_basic,
          ebering_ecumenical_altar_abandoned, minmay_pentomino_r4

Action                   || total
-------------------------++-------
Melee: Unarmed           ||    16
Throw: Large rock        ||     5
Armor: Robe              ||    21
Dodge: Dodged            ||    23

Table legend: (Time is in decaauts)
 A = Elapsed time spent in this place.
 B = Non-inter-level travel time spent in this place.
 C = Inter-level travel time spent in this place.
 D = Time resting spent in this place.
 E = Time spent auto-exploring this place.
 F = Levels seen in this place.
 G = Mean time per level.
                   A        B        C        D        E       F      G
               +--------+--------+--------+--------+--------+-----+--------+
         Total |     55 |     55 |      0 |      0 |     16 |   1 |   55.0 |
       Dungeon |     55 |     55 |      0 |      0 |     16 |   1 |   55.0 |
               +--------+--------+--------+--------+--------+-----+--------+

Top non-repeatable levels by time:
     D:1: 55 daAuts
